 Dungeon Crawl Stone Soup version 0.19-a0-1326-gee3fcf6 (webtiles) character file.

7340 TheGoonsmith the Covert (level 10, 0/51 HPs)
             Began as a Spriggan Enchanter on Aug 31, 2016.
             Was a Believer of Ashenzari.
             Killed by vampiric draining
             ... invoked by a vampire
              (7 damage)
             ... on level 10 of the Dungeon.
             The game lasted 00:31:04 (12669 turns).

TheGoonsmith the Covert (Spriggan Enchanter)       Turns: 12669, Time: 00:31:04

Health: 0/51       AC:  7    Str:  4    XL:     10   Next: 91%
Magic:  5/19       EV: 30    Int: 17    God:    Ashenzari [**....]
Gold:   365        SH:  0    Dex: 20    Spells: 3 memorised, 10 levels left

rFire  + . .     SeeInvis +     h - +2 short sword (holy)
rCold  + . .     Gourm    .     L - +2 robe {rC+ rF+} (curse)
rNeg   . . .     Faith    +     (shield restricted)
rPois  .         Spirit   .     (helmet restricted)
rElec  .         Dismiss  .     o - +2 cloak (curse)
rCorr  .         Reflect  .     (gloves unavailable)
MR     +....     Harm     .     (boots unavailable)
Stlth  ++++++....               I - amulet of faith (curse)
                                (no ring)
                                (no ring)

@: very quick
A: unfitting armour, see invisible, herbivore 3, speed 3, slow metabolism 2
a: Curse Item, Scrying, Renounce Religion


You were on level 10 of the Dungeon.
You worshipped Ashenzari.
Ashenzari was pleased with you.
You were very hungry.

You visited 2 branches of the dungeon, and saw 11 of its levels.

You collected 365 gold pieces.

Inventory:

Hand Weapons
 a - a cursed +1 dagger
 b - the cursed +2 spear of Disaster {vamp, rPois rN+}
   (You found it on level 7 of the Dungeon)

   It inflicts no extra harm, but heals its wielder somewhat when it strikes a
   living foe.
   It protects you from poison.
   It protects you from negative energy.
   It has a curse placed upon it.
 h - a +2 short sword of holy wrath (weapon)
 D - the +8 mace of Shrieking Terror {crush, *Noise rElec rC+ Stlth+}
   (You found it on level 7 of the Dungeon)

   It inflicts extra damage upon your enemies.
   It protects you from cold.
   It insulates you from electricity.
   It may make noises in combat.
   It makes you more stealthy.
 R - a +0 dagger of venom
Missiles
 p - 5 needles of paralysis
 t - 27 poisoned needles
Armour
 o - a cursed +2 cloak (worn)
 L - a cursed +2 robe of resistance (worn)
Rods
 S - a +2 iron rod (2/12)
   (You found it on level 9 of the Dungeon)
Jewellery
 j - an uncursed ring of resist corrosion
 I - a cursed amulet of faith (around neck)
 M - a +5 ring of strength
Wands
 q - a wand of confusion (21/48)
 y - a wand of polymorph (14/24)
 E - a wand of polymorph (11/24)
 F - a wand of random effects (14/48)
 H - a wand of enslavement (9/24)
 J - a wand of lightning (11/15)
 N - a wand of paralysis (4/24)
Scrolls
 e - 3 scrolls of amnesia
 g - 2 scrolls of remove curse
 i - 2 scrolls of teleportation
 l - 2 scrolls of magic mapping
 r - 4 scrolls of identify
 A - 3 scrolls of noise
 O - 2 scrolls of blinking
 T - a scroll of fog
Potions
 f - 2 potions of cure mutation
 k - a potion of ambrosia
 m - 6 potions of curing
 n - 2 potions of heal wounds
 s - 2 potions of invisibility
 u - 3 potions of flight
 w - a potion of haste
 x - a potion of brilliance
 C - 2 potions of degeneration
 G - a potion of berserk rage
 K - a potion of cancellation
Books
 c - a book of Maledictions

   Spells                             Type                      Level
   a - Corona                         Hexes                        1
   b - Ensorcelled Hibernation        Hexes/Ice                    2
   c - Confuse                        Hexes                        3
   d - Tukima's Dance                 Hexes                        3
   e - Dazzling Spray                 Conjuration/Hexes            3
 z - a book of Annihilations

   Spells                             Type                      Level
   a - Poison Arrow                   Conjuration/Poison           6
   b - Chain Lightning                Conjuration/Air              8
   c - Lehudib's Crystal Spear        Conjuration/Earth            8
   d - Glaciate                       Conjuration/Ice              9
   e - Fire Storm                     Conjuration/Fire             9
 B - a book of Debilitation

   Spells                             Type                      Level
   a - Corona                         Hexes                        1
   b - Slow                           Hexes                        2
   c - Gell's Gravitas                Hexes/Translocation          3
   d - Inner Flame                    Hexes/Fire                   3
   e - Cause Fear                     Hexes                        4
   f - Leda's Liquefaction            Hexes/Earth                  4
Comestibles
 d - 2 bread rations
 v - a slice of pizza
 P - 6 royal jellies
 Q - 2 fruits


   Skills:
 - Level 5.0 Fighting
 - Level 10.2 Short Blades
 - Level 11.6(12.9) Dodging
 + Level 12.0(13.2) Stealth
 - Level 5.4 Spellcasting
 - Level 7.0 Hexes


You had 10 spell levels left.
You knew the following spells:

 Your Spells              Type           Power        Failure   Level  Hunger
b - Tukima's Dance        Hex            ####....     2%          3    ##.....
c - Confuse               Hex            ####....     2%          3    ##.....
x - Dazzling Spray        Conj/Hex       ###...       12%         3    ##.....


Dungeon Overview and Level Annotations

Branches:
Dungeon (10/15)            Temple (1/1) D:6
   Lair: D:8-11         Orc: D:9-12

Altars:
Ashenzari
Cheibriados
Dithmenos
Elyvilon
Fedhas
Gozag
Hepliaklqana
Kikubaaqudgha
Makhleb
Nemelex Xobeh
Okawaru
Qazlal
Ru
Sif Muna
Trog
Uskayaw
Vehumet
Xom
Yredelemnul
Zin
The Shining One

Shops:
D:10 %

Annotations:
D:10 Demise's ghost, novice OpWz


Innate Abilities, Weirdness & Mutations

You are tiny and cannot use many weapons and most armour.
You have supernaturally acute eyesight. (SInv)
You are a herbivore.
You cover ground extremely quickly.
You need consume almost no food.


Message History

The vampire completely misses you. The vampire misses you.
You hit the vampire.
The vampire convulses.
The vampire is severely damaged.
The vampire completely misses you. x2
You hit the vampire but do no damage.
The vampire is severely damaged.
You hit the vampire but do no damage.
The vampire is severely damaged.
The vampire completely misses you. The vampire closely misses you.
You hit the vampire but do no damage.
The vampire is severely damaged.
You hit the vampire but do no damage.
The vampire is severely damaged.
The vampire is infused with unholy energy.
* * * LOW HITPOINT WARNING * * *
The vampire draws life force from you and is healed!
You closely miss the vampire.
The vampire is heavily damaged.
The vampire is infused with unholy energy.
You die...

, ...###.#.#.##.# ,
,,..#.%#.#%#.#.# *
######.###.#.#.##.#
#......##.#.#.###)#
,#........#.#.#.#..#
#.......###.####..## .
#.........##.#.....#
..###'##.......V.....#
#...............@....#
#....................#
#.....†......#####...#
#.....######.# #...#
#.....#....#.# #...#
#.... #....#5# #.###
.....,#....#W# #.# ...
,,#....#.# #.# #
....####'#.# #.###


You could see a vampire (invisible).

Vanquished Creatures
  2 hill giants (D:10)
  Pikel (D:7)
  A troll (D:9)
  2 two-headed ogres (D:9)
  A queen bee (D:10)
  Prince Ribbit (D:7)
  5 yaks (D:9)
  Menkaure (D:5)
  A dancing weapon (D:4)
  2 ice beasts
  3 sky beasts
  A phantom (D:8)
  2 orc warriors (D:9)
  A black bear (D:7)
  4 ogres
  5 centaurs
  3 giant frogs
  Blork the orc (D:4)
  A scorpion (D:5)
  11 killer bees
  4 howler monkeys
  2 wasp zombies
  6 crimson imps
  A giant frog zombie (D:9)
  4 jellies
  9 orc wizards
  7 orc priests
  Crazy Yiuf (D:7)
  3 hounds
  2 iguanas
  9 worker ants
  A hound zombie (D:8)
  A worker ant zombie (D:5)
  2 gnolls (D:3)
  2 howler monkey skeletons (D:5)
  12 adders
  2 shadow imps
  2 worms
  2 dart slugs (D:1)
  6 giant geckos
  23 orcs
  2 ball pythons
  10 bats
  5 giant cockroaches
  10 goblins
  6 hobgoblins
  7 jackals
  9 kobolds
  5 quokkas
  A ball python zombie (D:5)
  A giant newt (D:2)
  8 rats
214 creatures vanquished.

Vanquished Creatures (collateral kills)
  A two-headed ogre (D:10)
  An ogre (D:6)
  A gnoll (D:3)
  4 orcs
7 creatures vanquished.

Vanquished Creatures (others)
  11 dancing weapons
  A giant frog (D:7)
  2 orcs (D:7)
14 creatures vanquished.

Grand Total: 235 creatures vanquished

Notes
Turn   | Place    | Note
-------+----------+-------------------------------------------
     0 | D:1      | TheGoonsmith the Spriggan Enchanter began the quest for the Orb.
     0 | D:1      | Reached XP level 1. HP: 9/9 MP: 5/5
   217 | D:1      | Reached XP level 2. HP: 13/13 MP: 6/6
   749 | D:1      | Reached XP level 3. HP: 15/17 MP: 8/8
  1057 | D:2      | Reached skill level 1 in Fighting
  1083 | D:2      | Learned a level 3 spell: Tukima's Dance
  1087 | D:2      | Learned a level 3 spell: Confuse
  1357 | D:2      | Found a shattered altar of Ashenzari.
  1376 | D:2      | Became a worshipper of Ashenzari the Shackled
  1565 | D:2      | Found a shimmering altar of Xom.
  1608 | D:2      | Found a hazy altar of Hepliaklqana.
  1680 | D:3      | Reached XP level 4. HP: 22/22 MP: 9/9
  2359 | D:3      | Noticed a fire elemental
  2362 | D:3      | Found a stormy altar of Qazlal.
  2365 | D:3      | Noticed an earth elemental
  2365 | D:3      | Noticed a water elemental
  2365 | D:3      | Noticed an air elemental
  2511 | D:3      | Found a white marble altar of Elyvilon.
  3862 | D:3      | Reached XP level 5. HP: 25/25 MP: 10/10
  4009 | D:4      | Reached skill level 5 in Dodging
  4085 | D:4      | Noticed an ogre
  4723 | D:4      | Learned a level 3 spell: Dazzling Spray
  4851 | D:4      | Noticed a centaur
  4874 | D:4      | Killed a centaur
  4874 | D:4      | Reached XP level 6. HP: 28/30 MP: 8/11
  4966 | D:4      | Noticed Blork the orc
  4985 | D:4      | Killed Blork the orc
  4985 | D:4      | Reached skill level 5 in Hexes
  5168 | D:5      | Entered Level 5 of the Dungeon
  5252 | D:5      | Reached XP level 7. HP: 31/33 MP: 4/12
  5477 | D:5      | Noticed Menkaure
  5492 | D:5      | Killed Menkaure
  5668 | D:5      | Reached skill level 5 in Spellcasting
  5701 | D:5      | Reached skill level 5 in Short Blades
  5871 | D:5      | Reached XP level 8. HP: 28/37 MP: 10/17
  6133 | D:5      | Reached * piety under Ashenzari
  6452 | D:6      | Found a deep blue altar of Sif Muna.
  6872 | D:6      | Found a stormy altar of Qazlal.
  7147 | D:6      | Found a staircase to the Ecumenical Temple.
  7324 | D:6      | Reached skill level 5 in Stealth
  7380 | Temple   | Entered the Ecumenical Temple
  7623 | D:7      | Noticed Prince Ribbit
  7650 | D:7      | Killed Prince Ribbit
  7650 | D:7      | Reached skill level 7 in Stealth
  7754 | D:6      | Reached skill level 8 in Stealth
  8075 | D:7      | Noticed Pikel
  8093 | D:7      | Killed Pikel
  8093 | D:7      | Reached skill level 10 in Stealth
  8093 | D:7      | Reached XP level 9. HP: 44/44 MP: 3/18
  8142 | D:7      | Reached skill level 11 in Stealth
  8186 | D:7      | Got the cursed spear of Disaster {vamp, rPois rN+}
  8408 | D:7      | Found a runed door.
  8414 | D:7      | Got the mace of Shrieking Terror {crush, *Noise rElec rC+ Stlth+}
  8512 | D:7      | Noticed Crazy Yiuf
  8520 | D:7      | Killed Crazy Yiuf
  9255 | D:8      | Reached ** piety under Ashenzari
  9610 | D:9      | Identified the +8 mace of Shrieking Terror {crush, *Noise rElec rC+ Stlth+} (You found it on level 7 of the Dungeon)
 10746 | D:9      | Reached skill level 10 in Short Blades
 10746 | D:9      | Reached XP level 10. HP: 42/49 MP: 2/19
 11157 | D:9      | Reached skill level 5 in Fighting
 11602 | D:10     | Entered Level 10 of the Dungeon
 11602 | D:10     | Noticed a hill giant
 11606 | D:10     | Killed a hill giant
 11668 | D:10     | Found Soma Ops's Food Shop.
 11684 | D:10     | Noticed a hill giant
 11690 | D:10     | Noticed Demise's ghost (novice OpWz)
 11915 | D:9      | Reached skill level 10 in Dodging
 12238 | D:10     | Killed a hill giant
 12451 | D:10     | Reached skill level 12 in Stealth
 12669 | D:10     | Killed from afar by a vampire

Vault maps used:
D:1:      dpeg_arrival_morbid_curiosity
D:2:      lemuel_doored_altar, lemuel_coloured_pillars_altar,
          evilmike_ruin_ashenzari
D:3:      elyvilon_altar_5, grunt_ministairs_11,
          nicolae_qazlal_style_of_elements
D:4:      first_bread, uniq_blork_the_orc
D:5:      uniq_menkaure
D:6:      lemuel_crystal_altar, basic_altar, kennysheep_generic_room_13
D:7:      uniq_pikel, uniq_prince_ribbit1, uniq_crazy_yiuf_cottage
D:10:     serial_shops, shop, david_nohive_1
Temple:   minmay_temple_bridge_d

Skill      XL: |  1  2  3  4  5  6  7  8  9 10 |
---------------+-------------------------------+-----
Short Blades   | 2 3 4 5 6 10 | 10.2
Fighting       | 1 3 5 |  5.0
Dodging        | 4 6 11 | 11.6
Hexes          | 4 6 7 |  7.0
Spellcasting   | 5 |  5.4
Stealth        | 10 11 12 | 12.0

Action                   |  1- 3 |  4- 6 |  7- 9 | 10-12 || total
-------------------------+-------+-------+-------+-------++-------
Melee: Dagger            |    20 |       |    20 |   273 ||   313
       Short sword       |   113 |   212 |   525 |    51 ||   901
 Cast: Confuse           |       |    16 |    42 |    28 ||    86
       Tukima's Dance    |       |     6 |    28 |     3 ||    37
Invok: Curse Item        |     1 |     2 |     2 |       ||     5
Evoke: Rod               |       |       |       |     2 ||     2
  Use: Scroll            |       |    11 |    13 |       ||    24
 Stab: Sleeping          |    14 |     8 |    21 |     4 ||    47
       Confused          |       |     5 |    21 |    17 ||    43
       Distracted        |       |     1 |     1 |       ||     2
       Paralysed         |       |       |     1 |       ||     1
  Eat: Bread ration      |       |     1 |     2 |       ||     3
       Fruit             |       |       |       |     1 ||     1
Armor: Robe              |    17 |    11 |    41 |    10 ||    79
Dodge: Dodged            |   120 |   146 |   333 |   189 ||   788
